Map: Acropolis LE

Players

Serral - Winner!

  • Race: Zerg Zerg
  • League: Master
  • Spawn Location: 5:00

Kelazhur

  • Race: Terran Terran
  • League: Master
  • Spawn Location: 11:00

Event: HomeStory Cup XX

VOD

Have the link to the VOD?

Description

Time

  • Played on: Nov. 22, 2019, 11:25 a.m.
  • Length: 10:06

All games in this series

Show
View Real Time Build Order
Export as new Build Order

Serral Zerg - Winner!

Build Orders: Hatch First 

Get SALT Encoding   

  12  0:01  Drone  
  13  0:14  Overlord  
  13  0:16  Drone  
  14  0:32  Drone x2  
  16  0:48  Hatchery  
  15  0:51  Drone  
  15  0:55  Drone  
  17  0:58  Drone  
  18  1:09  Extractor  
  17  1:13  Spawning Pool  
  17  1:16  Drone  
  17  1:20  Drone  
  18  1:59  Queen x2  
  18  2:00  Zergling x6  
  25  2:10  Zergling x2  
  26  2:16  Zergling x2  
  26  2:31  Drone x2  
  27  2:45  Overlord  
  27  3:03  Queen  
  31  3:06  Drone x4  
  31  3:10  Drone  
  34  3:18  Overlord  
  33  3:21  Drone  
  34  3:29  Queen  
  34  3:33  Metabolic Boost  
  36  3:40  Overlord  
  36  3:41  Drone  
  37  3:43  Drone  
  37  3:46  Drone  
  39  3:49  Drone  
  39  3:52  Drone x2  
  39  3:55  Drone  
  45  4:08  Zergling x4  
  45  4:13  Drone x2  
  45  4:14  Drone  
  45  4:17  Queen x2  
  48  4:22  Overlord  
  50  4:36  Hatchery  
  50  4:37  Drone x3  
  49  4:39  Drone  
  49  4:42  Drone  
  49  4:43  Drone  
  52  4:45  Drone  
  52  4:48  Drone  
  54  4:54  Drone x2  
  56  5:00  Overlord  
  56  5:01  Drone  
  56  5:04  Extractor x2  
  55  5:07  Drone x3  
  55  5:12  Zergling x2, Lair  
  60  5:14  Zergling x2  
  60  5:20  Overlord  
  60  5:26  Drone x4  
  64  5:33  Overlord  
  64  5:36  Pneumatized Carapace  
  64  5:42  Drone x3  
  67  5:43  Roach Warren  
  67  5:45  Drone x2  
  67  5:48  Queen  
  71  5:50  Drone  
  71  5:57  Zergling x8  
  71  5:58  Zergling x2  
  71  5:59  Drone  
  71  6:03  Overlord  
  77  6:04  Spore Crawler  
  77  6:07  Extractor  
  77  6:11  Overseer  
  75  6:17  Spore Crawler  
  75  6:18  Spore Crawler  
  73  6:19  Drone x2  
  73  6:20  Drone x3  
  73  6:24  Spire, Roach  
  79  6:28  Roach x2  
  79  6:30  Roach  
  85  6:35  Drone  
  85  6:36  Drone x4  
  85  6:39  Glial Reconstitution  
  90  6:47  Overlord x2  
  90  6:48  Overlord  
  90  6:51  Overlord  
  90  6:54  Overlord  
  90  6:57  Evolution Chamber  
  90  6:58  Drone  
  90  7:06  Extractor, Drone, Roach  
  90  7:07  Drone x5  
  97  7:09  Drone x3  
  97  7:11  Drone  
  97  7:15  Drone x3  
  104  7:22  Drone  
  104  7:25  Hatchery  
  104  7:26  Extractor  
  104  7:27  Zerg Missile Weapons Level 1  
  104  7:28  Drone  
  103  7:32  Drone x2  
  102  7:48  Hatchery  
  102  7:50  Drone x2  
  100  7:53  Overlord  
  100  7:54  Overlord  
  100  8:02  Corruptor x5  
  110  8:10  Corruptor x3  
  115  8:15  Drone x2  
  116  8:20  Roach x3  
  122  8:30  Drone x5  
  122  8:32  Roach x4  
  135  8:36  Extractor  
  135  8:37  Overlord x2  
  135  8:38  Overlord  
  134  8:43  Overlord  
  134  8:44  Overlord  
  134  8:54  Roach x2  
  138  8:56  Overlord  
  138  8:57  Roach x3  
  138  8:58  Ravager x7  
  138  9:02  Roach x2  
  155  9:05  Roach  
  155  9:06  Roach x2  
  161  9:11  Roach  
  161  9:12  Roach x2  
  168  9:17  Ravager x2  
  168  9:25  Roach x9  
  186  9:34  Overlord x2  
  186  9:38  Roach x2  
  190  9:44  Ravager  
Show
View Real Time Build Order
Export as new Build Order

Kelazhur Terran 

Build Orders:  

Get SALT Encoding   

  12  0:00  SCV  
  13  0:12  SCV  
  14  0:18  Supply Depot  
  14  0:24  SCV  
  15  0:39  Barracks  
  15  0:49  Barracks  
  15  0:53  SCV  
  16  1:05  SCV  
  16  1:06  Refinery  
  17  1:17  SCV  
  18  1:26  Marine  
  18  1:29  Orbital Command  
  19  1:36  Marine  
  19  1:38  Bunker  
  20  1:44  Supply Depot  
  20  1:45  Marine  
  21  1:55  Bunker  
  21  1:56  Bunker  
  21  2:05  Marine  
  21  2:08  Marine  
  23  2:09  SCV  
  23  2:11  Bunker  
  23  2:23  Reaper, SCV  
  23  2:26  Reaper  
  22  2:37  SCV  
  21  2:49  Command Center, SCV  
  22  2:52  Factory  
  22  3:01  SCV  
  23  3:12  Reaper  
  24  3:19  SCV  
  25  3:31  SCV  
  26  3:34  Refinery  
  26  3:35  Command Center  
  26  3:37  Factory Reactor  
  26  3:43  SCV  
  27  3:55  SCV  
  27  4:02  Orbital Command  
  28  4:04  Starport  
  28  4:08  SCV  
  29  4:15  Hellion x2  
  33  4:22  SCV  
  34  4:29  SCV  
  35  4:34  SCV  
  34  4:41  SCV  
  35  4:45  Viking  
  35  4:46  SCV  
  35  4:47  Hellion x2, Supply Depot  
  35  4:50  Fusion Core  
  42  4:53  Orbital Command, SCV  
  42  4:58  SCV  
  44  5:05  SCV  
  45  5:10  SCV  
  45  5:12  Hellion x2  
  50  5:16  Starport Tech Lab  
  50  5:18  SCV  
  51  5:22  SCV x2  
  53  5:30  SCV  
  53  5:34  SCV  
  53  5:35  SCV  
  56  5:36  Supply Depot  
  56  5:39  Hellion, Supply Depot  
  56  5:40  Hellion  
  56  5:42  SCV  
  61  5:45  Battlecruiser  
  61  5:46  SCV  
  61  5:47  SCV  
  69  5:53  Refinery  
  69  5:54  Refinery  
  69  5:55  Supply Depot  
  69  5:58  SCV x2  
  69  6:01  SCV  
  69  6:03  Hellion  
  69  6:04  Hellion  
  76  6:07  Armory  
  76  6:11  SCV  
  76  6:15  SCV  
  78  6:19  Supply Depot  
  78  6:24  SCV  
  78  6:25  Hellion x2  
  83  6:34  SCV  
  83  6:36  Refinery  
  83  6:37  Refinery, Orbital Command, SCV  
  85  6:46  SCV  
  84  6:47  Hellion  
  84  6:48  Hellion  
  84  6:49  Battlecruiser  
  84  6:51  SCV  
  95  6:58  SCV  
  96  7:01  Factory, Supply Depot  
  96  7:02  Factory  
  96  7:06  SCV  
  97  7:13  SCV x2  
  99  7:22  SCV  
  100  7:25  Hellion x2, SCV  
  100  7:26  Terran Vehicle Weapons Level 1  
  105  7:30  SCV  
  105  7:34  SCV  
  107  7:38  SCV  
  104  7:47  Hellion x2  
  104  7:48  SCV  
  104  7:50  SCV  
  98  7:52  Factory Tech Lab x2  
  98  7:54  Weapon Refit  
  99  7:58  SCV  
  99  8:03  SCV  
  100  8:06  Command Center  
  100  8:08  SCV  
  100  8:11  Battlecruiser  
  100  8:12  Hellion  
  109  8:15  Command Center  
  109  8:16  Supply Depot  
  109  8:17  Supply Depot  
  109  8:25  Infernal Pre-Igniter  
  109  8:26  Mag-Field Accelerator  
  109  8:30  Supply Depot  
  109  8:31  Supply Depot  
  109  8:35  Engineering Bay  
  109  8:37  Siege Tank x2, SCV x2  
  109  8:38  SCV  
  109  8:39  Hellion x2  
  122  8:43  Factory x2  
  116  8:49  SCV x2  
  116  8:50  SCV  
  118  9:01  SCV x2  
  121  9:02  SCV  
  121  9:04  Hellion x2  
  121  9:08  Supply Depot  
  121  9:09  Cyclone x2  
  132  9:33  Factory Tech Lab, Factory Reactor  
  132  9:34  Hellion x2  
  131  9:41  Barracks  
  131  9:44  Supply Depot  
  137  9:45  Supply Depot  
  137  9:46  Supply Depot x2  
Tags
 
Add a new tag
Caveats
  • Supply blocks, unpowered buildings, or Contaminate may cause inaccurate times.
  • Supply counts are checked every 10 seconds.